Unix NetHack Version 3.7.0-95 Work-in-progress - last build Jan 1 2024 20:51:50 (6a0ccc5fa2390e420dd2d488a2f9488d2ae3a63b,branch:master). Game began 2024-01-07 21:27:14, ended 2024-01-08 04:58:35. Arasaka, neutral male human Tourist ----------- ------- -------- ###-.........| |.....| -------- |)......### |..).[.....## |.....| |......| |......| |.........| ###......| |...<..-####### |......| --------.-- |.....| -|------ # -----|-- # -.----- # # # # # # # # # # ## ## ## # # # ### # #### # # #-----|-- # # #--|---- #|......| # --.------ #@.f...| #-......| # |.......| |.....| |......| # |..%....| |.....| |......| ## |.......| |.....| |......| --|---- #......>.| |.....| |......| |.....|#####|.......| |.>...| -------- |......# --------- ------- ------- Arasaka the Rambler St:12 Dx:10 Co:18 In:11 Wi:9 Ch:18 Neutral Dlvl:3 $:1037 HP:0(16) Pw:5(5) AC:9 Xp:2/33 T:1874 Latest messages: You get zapped! You miss the grid bug. The grid bug bites! You get zapped! You kill the grid bug! You hit the gnome zombie. Behemoth misses the gnome zombie. You destroy the gnome zombie! You see here a gnome corpse. Where do you want to travel to? (For instructions type a '?') You hear the footsteps of a guard on patrol. You miss the newt. You miss the newt. The newt bites! You kill the newt! There is an open door here. You see here a newt corpse. The goblin hits! You kill the goblin! y - a scroll labeled ZLORFIK. You see here a goblin corpse. There is an open door here. You see here a newt corpse. There is a newt corpse here; eat it? [ynq] (n) This newt corpse tastes okay. You finish eating the newt corpse. You see here a goblin corpse. There is a goblin corpse here; eat it? [ynq] (n) This goblin corpse is stringy. You finish eating the goblin corpse. Where do you want to travel to? (For instructions type a '?') You find a hidden door. The door opens. You find a hidden door. This door is locked. Unlock it with your credit card? [ynq] (q) You succeed in picking the lock. The door opens. You see here a lembas wafer. A - a lembas wafer. You descend the stairs. You climb up the stairs. The door resists! The door opens. You kill the gas spore! Boom! You are caught in the gas spore's explosion! It is fatal. Inventory: Coins ('$') $ - 1037 gold pieces Weapons (')') a - 40 uncursed +2 darts (at the ready) n - an uncursed +0 elven dagger (weapon in right hand) Armor ('[') k - an uncursed +0 orcish helm (being worn) h - an uncursed +0 Hawaiian shirt with a hibiscus flower motif (being worn) Comestibles ('%') b - 4 uncursed food rations A - an uncursed lembas wafer d - 2 uncursed pears c - 4 uncursed tripe rations Scrolls ('?') x - a blessed scroll of charging u - an uncursed scroll of fire y - a blessed scroll of gold detection m - an uncursed scroll of identify g - 4 uncursed scrolls of magic mapping o - an uncursed scroll of scare monster Spellbooks ('+') s - an uncursed spellbook of create monster t - an uncursed spellbook of healing Potions ('!') f - 2 uncursed potions of extra healing r - a cursed potion of extra healing q - 2 uncursed potions of healing p - an uncursed potion of speed Rings ('=') w - an uncursed ring of shock resistance Tools ('(') z - an empty uncursed bag of holding j - an uncursed credit card i - an uncursed expensive camera (0:84) Gems/Stones ('*') l - an uncursed worthless piece of green glass Arasaka the Tourist's attributes: Background: You were a Rambler, a level 2 male human Tourist. You were neutral, nominally on a mission for The Lady who was opposed by Blind Io (lawful) and Offler (chaotic). You were right-handed. You were in the Dungeons of Doom, on level 3. You entered the dungeon 1874 turns ago. It was nighttime. You had 33 experience points, 7 more were needed to attain level 3. Basics: You had 0 out of 16 hit points. You had all 5 energy points (spell power). Your armor class was 9. Your wallet contained 1037 zorkmids. Autopickup was on for '$"?' plus thrown, with exceptions. Final Characteristics: Your strength was 12 (limit:18/100). Your dexterity was 10 (limit:18). Your constitution was 18 (limit:18). Your intelligence was 11 (limit:18). Your wisdom was 9 (limit:18). Your charisma was 18 (limit:18). Final Status: You weren't hungry. You were unencumbered. You were wielding a dagger. You had basic skill with dagger. Final Attributes: You were stridently aligned. You are dead. Miscellaneous: You disabled loading of bones levels. Total elapsed playing time was 7 minutes and 4 seconds. Major events: Turn 1: Arasaka the neutral male human Tourist entered the dungeon 1863: entered the Gnomish Mines 1874: killed by a gas spore's explosion Vanquished creatures: a gas spore a gnome zombie 6 jackals 2 foxes 7 goblins 17 grid bugs 7 lichens 2 kobold zombies 8 newts 51 creatures vanquished. No species were genocided or became extinct. Voluntary challenges: You were an atheist. You read items or engraved 2 times. You never engraved Elbereth. You never genocided any monsters. You never polymorphed an object. You never changed form. You used no wishes. Achievements: You entered a shop. You entered the Gnomish Mines. The Dungeons of Doom: levels 1 to 4 Level 1: A fountain. Level 2: A fountain. Level 3: <- You were here. Stairs down to The Gnomish Mines. Final resting place for you, killed by a gas spore's explosion. Level 4: The Gnomish Mines: Level 4: Game over: ---------- / \ / REST \ / IN \ / PEACE \ / \ | Arasaka | | 1037 Au | | killed by a gas | | spore's | | explosion | | | | 2024 | *| * * * | * _________)/\\_//(\/(/\)/\//\/|_)_______ Aloha Arasaka the Tourist... You died in The Dungeons of Doom on dungeon level 3 with 365 points, and 1037 pieces of gold, after 1874 moves. You were level 2 with a maximum of 16 hit points when you died.